 Dungeon Crawl Stone Soup version 0.27-a0-1065-ge809cff456 (webtiles) character file.

Game seed: 10150557791856494675

662 kae the Insei (level 7, -2/57 HPs)
             Began as a Red Draconian Transmuter on Apr 22, 2021.
             Slain by Edmund
             ... wielding a +2 dire flail of protection
              (9 damage)
             ... on level 5 of the Dungeon.
             The game lasted 00:02:14 (5171 turns).

kae the Insei (Red Draconian Transmuter)            Turns: 5171, Time: 00:02:14

Health: -2/57      AC:  6    Str: 12    XL:     7   Next: 30%
Magic:  9/11       EV: 20    Int: 15    God:
Gold:   164        SH:  0    Dex: 17    Spells: 8/12 levels left

rFire    . . .     SeeInvis .     - Unarmed
rCold    . . .     Faith    .   (shield currently unavailable)
rNeg     . . .     Spirit   .   (armour unavailable)
rPois    x         Reflect  .   (helmet currently unavailable)
rElec    .         Harm     .   (cloak currently unavailable)
rCorr    .         Rampage  .   (gloves currently unavailable)
Will     .....                  (boots currently unavailable)
Stlth    ++........             (no amulet)
HPRegen  0.19/turn              e - +4 ring of protection
MPRegen  0.12/turn              (no ring)

@: lethally poisoned (-2 -> -6), spider-form (expiring)
A: venomous fangs, (breathe fire), AC +6, tiny, unfitting armour, (fire
resistance 1), (cold-blooded)
a: End Transformation


You were on level 5 of the Dungeon.
You were a venomous arachnid creature.
You visited 1 branch of the dungeon, and saw 5 of its levels.

You collected 164 gold pieces.

Inventory:

Missiles
 b - a throwing net
Armour
 q - a +2 hat (melded)
Jewellery
 e - a +4 ring of protection (left front leg)
 o - a ring of positive energy
Wands
 h - a wand of iceblast (11)
 p - a wand of flame (10)
Scrolls
 a - 8 scrolls of identify
 c - 2 scrolls of teleportation
 k - 4 scrolls of blinking
 l - a scroll of fog {unknown}
 m - a scroll of amnesia {unknown}
 n - a scroll of vulnerability {unknown}
 r - a scroll of brand weapon {unknown}
Potions
 d - a potion of lignification {unknown}
 f - a potion of cancellation
 g - a potion of flight {unknown}
 i - a potion of curing
 j - 2 potions of attraction


   Skills:
 + Level 3.1 Fighting
 + Level 3.0 Dodging
 * Level 5.1 Unarmed Combat
 + Level 3.2 Spellcasting
 * Level 4.5 Transmutations
 - Level 2.0 Poison Magic


You had 8 spell levels left.
You knew the following spells:

 Your Spells              Type           Power      Damage    Failure   Level
a - Beastly Appendage     Tmut           30%        N/A       11%         1
b - Spider Form           Tmut/Pois      6%         N/A       34%         3

Your spell library contained the following spells:

 Spells                   Type           Power      Damage    Failure   Level
 Wereblood                Tmut           15%        N/A       14%         2
 Corpse Rot               Necr/Air       N/A        N/A       52%         2
 Stone Arrow              Conj/Erth      4%         3d7       73%         3
 Ice Form                 Ice/Tmut       9%         N/A       80%         4
 Hydra Form               Tmut           7%         N/A       83%         5
 Summon Forest            Summ/Tloc      1%         N/A       100%        5
 Eringya's Noxious Bog    Tmut/Pois      6%         N/A       100%        6
 Summon Hydra             Summ           1%         N/A       100%        7


Dungeon Overview and Level Annotations

Branches:
Dungeon (5/15)
 Temple: D:4-7

Altars:
Ashenzari
Trog
Vehumet
Wu Jian
Xom

Annotations:
D:5 Edmund


Innate Abilities, Weirdness & Mutations

You are a venomous arachnid creature.
You have poisonous fangs.
You are tiny and dextrous.
Your spellcasting is less reliable in this form.
Your armour is entirely melded.
You are incapable of wielding weapons or throwing items.
((You can breathe blasts of fire.))
((Your fiery red scales are hard. (AC +6)))
You cannot fit into any form of body armour.
((Your flesh is heat resistant. (rF+)))
((You are cold-blooded and may be slowed by cold attacks.))


Message History

You hit the scorpion but do no damage. The scorpion barely misses you.
You hit the scorpion but do no damage.
The scorpion is poisoned.
The scorpion completely misses you.
You hit the scorpion but do no damage.
The scorpion is lightly wounded.
The scorpion completely misses you. The scorpion stings you.
You are poisoned.
The scorpion poisons you!
You hit the scorpion but do no damage.
The scorpion looks as sick as possible!
The scorpion is heavily wounded.
You feel very sick. The scorpion barely misses you.
You hit the scorpion.
You kill the scorpion!
You feel very sick.
You hit Edmund but do no damage.
Edmund is poisoned.
You feel very sick. Edmund closely misses you.
You hit Edmund.
Edmund is lightly wounded.
You feel sick. Edmund misses you.
You bite Edmund!
Edmund looks as sick as possible!
Edmund is moderately wounded.
You feel sick.
Edmund hits you with a +2 dire flail of protection!
You are too injured to fight recklessly!
You are too injured to fight recklessly!
You hit Edmund but do no damage.
Edmund looks as sick as possible!
Edmund is moderately wounded.
You feel sick.
Edmund hits you with a +2 dire flail of protection!
* * * LOW HITPOINT WARNING * * *
You are too injured to fight recklessly!
You are too injured to fight recklessly!
You hit Edmund.
Edmund is heavily wounded.
Your transformation is almost over.
You feel sick.
Edmund hits you with a +2 dire flail of protection!
You die...

#........#
#.........
#.........
#.........
#.####....
#@...# . #....+
#.######....#
#...s@......#
########....#
#######.#######
...............
...####.#######
#.# #.# #.# #.#


You could see Edmund (extremely poisoned).

Vanquished Creatures
  A black bear (D:4)
  An ogre (D:4)
  2 scorpions
  A water moccasin zombie (D:5)
  A water moccasin skeleton (D:5)
  A bullfrog zombie (D:5)
  A hound (D:5)
  A bullfrog skeleton (D:4)
  3 gnolls (D:5)
  5 adders
  An ufetubus (D:4)
  An adder skeleton (D:4)
  2 worms (D:2)
  3 dart slugs
  An orc (D:5)
  7 bats
  7 endoplasms
  4 giant cockroaches
  7 goblins
  4 hobgoblins (D:1)
  7 jackals
  4 quokkas
  9 ball pythons
  3 frilled lizards
  4 kobolds
  5 rats
86 creatures vanquished.

Notes
Turn   | Place    | Note
-------+----------+-------------------------------------------
     0 | D:1      | kae the Draconian Transmuter began the quest for the Orb.
     0 | D:1      | Reached XP level 1. HP: 16/16 MP: 3/3
   281 | D:1      | Found a faded altar of an unknown god.
   286 | D:1      | Reached XP level 2. HP: 23/23 MP: 3/5
   937 | D:1      | Reached XP level 3. HP: 28/28 MP: 4/6
   941 | D:1      | Learned a level 3 spell: Spider Form
  1850 | D:2      | Reached XP level 4. HP: 35/35 MP: 5/7
  2643 | D:3      | Found a broken altar of Ashenzari.
  2707 | D:3      | Reached skill level 1 in Poison Magic
  3185 | D:4      | Noticed a scorpion
  3197 | D:4      | Killed a scorpion
  3198 | D:4      | Reached skill level 4 in Unarmed Combat
  3198 | D:4      | Reached XP level 5. HP: 22/41 MP: 1/8
  3386 | D:4      | You fall into a shaft and drop 1 floor!
  3386 | D:5      | Entered Level 5 of the Dungeon
  3426 | D:5      | Reached XP level 6. HP: 12/49 MP: 5/10
  4122 | D:4      | Found a radiant altar of Vehumet.
  4125 | D:4      | Found an ornate altar of the Wu Jian Council.
  4128 | D:4      | Found a shimmering altar of Xom.
  4156 | D:4      | Found a bloodstained altar of Trog.
  4281 | D:4      | Your scales start taking on a fiery red colour.
  4281 | D:4      | Reached XP level 7. HP: 53/56 MP: 8/11
  4281 | D:4      | Gained mutation: Your flesh is heat resistant. (rF+) [Red
                  | Draconian growth]
  5124 | D:5      | Reached skill level 5 in Unarmed Combat
  5149 | D:5      | Noticed Edmund
  5171 | D:5      | Slain by Edmund

Illustrated notes

Levels and vault maps discovered:
D:1:      saegor_arrival_simple_d, layout_rooms,
          ebering_ecumenical_altar_petrified, roderic_serpentine_path
D:2:      layout_rooms
D:3:      layout_loops_corners, cheibrodos_ashenzari_chains,
          grunt_decor_one_mirror, kennysheep_nub, st_stairs_14,
          kennysheep_generic_room_8
D:4:      layout_basic, grunt_temple_overflow_cloverleaf,
          serial_co_window_serial, co_window_corner_a, co_window_paths_b,
          co_window_paths_a, co_window_paths_a, co_window_corner_a,
          co_window_corner_b, co_window_broadway_a, co_window_broadway_c,
          co_window_2corner, co_window_corner_b, glass_columns_b,
          glass_columns_c, glass_columns_b, glass_columns_c,
          chequers_decorated_corner, mrwooster_statue_mirror
D:5:      layout_basic, moated_statue, kennysheep_generic_room_13, uniq_ijyb,
          uniq_edmund, uniq_crazy_yiuf_cottage

Skill      XL: |  1  2  3  4  5  6  7 |
---------------+----------------------+-----
Dodging        | 2 3 |  3.0
Poison Magic   | 1 2 |  2.0
Transmutations | 3 4 |  4.5
Fighting       | 2 3 |  3.1
Unarmed Combat | 4 5 |  5.1
Spellcasting   | 3 |  3.2

Action                   |  1- 3 |  4- 6 |  7- 9 || total
-------------------------+-------+-------+-------++-------
Melee: Unarmed           |   129 |   113 |    35 ||   277
       Kick              |    21 |     6 |       ||    27
       Tailslap          |     6 |     4 |       ||    10
       Headbutt          |     7 |     3 |       ||    10
 Cast: Beastly Appendage |    26 |    14 |       ||    40
       Spider Form       |     1 |    11 |     5 ||    17
  Use: Scroll            |       |     7 |       ||     7
 Stab: Sleeping          |     1 |       |       ||     1
Armor: Skin              |    51 |    40 |     4 ||    95
Dodge: Dodged            |    94 |    98 |    30 ||   222

Table legend: (Time is in decaauts)
 A = Elapsed time spent in this place.
 B = Non-inter-level travel time spent in this place.
 C = Inter-level travel time spent in this place.
 D = Time resting spent in this place.
 E = Time spent auto-exploring this place.
 F = Levels seen in this place.
 G = Mean time per level.
                   A        B        C        D        E       F      G
               +--------+--------+--------+--------+--------+-----+--------+
         Total |   5159 |   4959 |    200 |    117 |   4184 |   5 | 1031.8 |
       Dungeon |   5159 |   4959 |    200 |    117 |   4184 |   5 | 1031.8 |
               +--------+--------+--------+--------+--------+-----+--------+

Top non-repeatable levels by time:
     D:4: 1428 daAuts
     D:1: 1327 daAuts
     D:3: 1215 daAuts
     D:2: 629 daAuts
     D:5: 558 daAuts
